 Dungeon Crawl Stone Soup version 0.22.1-6-g1668fe2c40 (webtiles) character file.

200 Ihlosi the Skirmisher (level 6, 0/38 HPs)
             Began as a Kobold Fighter on Jan 29, 2019.
             Slain by an orc wizard
             ... wielding a +0 dagger
              (2 damage)
             ... on level 4 of the Dungeon.
             The game lasted 00:08:26 (3308 turns).

Ihlosi the Skirmisher (Kobold Fighter)              Turns: 3308, Time: 00:08:27

Health: 0/38       AC:  4    Str: 15    XL:     6   Next: 6%
Magic:  6/6        EV: 10    Int: 12    God:
Gold:   152        SH: 10    Dex: 17    Spells: 5/5 levels left

rFire    . . .     SeeInvis .   a - +0 flail
rCold    . . .     Gourm    .   n - +1 shield {reflect}
rNeg     . . .     Faith    .   s - -2 scale mail (curse)
rPois    .         Spirit   .   (no helmet)
rElec    .         Reflect  +   (no cloak)
rCorr    .         Harm     .   (no gloves)
MR       .....                  (no boots)
Stlth    ..........             (no amulet)
HPRegen  0.12/turn              h - +2 ring of dexterity
MPRegen  0.10/turn              l - +3 ring of intelligence

@: no status effects
A: small, carnivore
a: no special abilities


You were on level 4 of the Dungeon.
You were completely stuffed.

You visited 1 branch of the dungeon, and saw 4 of its levels.
You also visited: Sewer.

You collected 152 gold pieces.

Inventory:

Hand Weapons
 a - a +0 flail (weapon)
Armour
 b - a +0 scale mail
 n - a +1 shield of reflection (worn)
 s - a cursed -2 scale mail (worn)
Jewellery
 h - a +2 ring of dexterity (left hand)
 l - a +3 ring of intelligence (right hand)
Scrolls
 d - 3 scrolls of teleportation
 e - a scroll of fog
Potions
 c - 2 potions of curing
 i - a potion of degeneration
 m - 2 potions of magic
 q - a potion of flight {unknown}
 r - a potion of heal wounds {unknown}
Comestibles
 f - 7 rations


   Skills:
 * Level 4.0 Fighting
 * Level 3.1 Maces & Flails
 * Level 3.1 Armour
 * Level 2.0 Dodging
 * Level 3.2 Shields


You had 5 spell levels left.
You didn't know any spells.
Your spell library was empty.

Dungeon Overview and Level Annotations

Branches:
Dungeon (4/15)
 Temple: D:4-7

Altars:
Okawaru


Innate Abilities, Weirdness & Mutations

You are small and have problems with some larger weapons.
You are carnivorous and can eat meat at any time.


Message History

You hear some strange, mumbled words.
A puff of flame appears from out of thin air!
The puff of flame hits you!
All of the chunks of flesh in your inventory have rotted away.
You hit something. Something hits you.
You hear some strange, mumbled words.
A puff of frost appears from out of thin air!
The puff of frost hits you!
The orc priest mumbles some strange prayers to Beogh against you.
Your shield and scale mail prevent you from hitting something.
Something hits you but does no damage.
You hit something but do no damage. Something hits you but does no damage.
The orc priest mumbles some strange prayers to Beogh against you.
Beogh smites you!
* * * LOW HITPOINT WARNING * * *
Something hits you but does no damage.
You miss something. Something hits you.
* * * LOW HITPOINT WARNING * * *
Something hits you.
You die...

.........#
#...<.#
#...>.#
####..######
#(..†)..#
#.#####.# #.#
.# #)# .. #@#
....
#)##.......
#o....o.....
###.........#
...... .....
..... #...
###


You could see an orc priest.

Vanquished Creatures
  A howler monkey (D:4)
  Terence (D:3)
  6 adders
  A worm (D:2)
  A dart slug (D:1)
  6 orcs
  8 ball pythons
  6 bats
  3 giant cockroaches
  5 goblins
  5 hobgoblins
  9 jackals
  2 quokkas
  12 frilled lizards
  4 kobolds
  3 rats
73 creatures vanquished.

Notes
Turn   | Place    | Note
-------+----------+-------------------------------------------
     0 | D:1      | Ihlosi the Kobold Fighter began the quest for the Orb.
     0 | D:1      | Reached XP level 1. HP: 14/14 MP: 1/1
   229 | D:1      | Reached XP level 2. HP: 19/19 MP: 2/2
   503 | D:1      | Reached XP level 3. HP: 17/24 MP: 3/3
   749 | D:2      | Reached skill level 1 in Dodging
   749 | D:2      | Reached XP level 4. HP: 18/29 MP: 4/4
  1447 | D:2      | Found a faded altar of an unknown god.
  1833 | D:3      | Found a glowing drain.
  1987 | Sewer    | Entered a sewer
  2089 | Sewer    | Reached XP level 5. HP: 28/33 MP: 5/5
  2647 | D:3      | Found an iron altar of Okawaru.
  2821 | D:3      | Noticed Terence
  2837 | D:3      | Killed Terence
  3072 | D:3      | Reached skill level 4 in Fighting
  3269 | D:4      | Reached XP level 6. HP: 38/38 MP: 6/6
  3308 | D:4      | Slain by an orc wizard

Skill      XL: |  1  2  3  4  5  6 |
---------------+-------------------+-----
Maces & Flails | 2 3 |  3.1
Dodging        | 1 2 |  2.0
Shields        | 3 |  3.2
Armour         | 3 |  3.1
Fighting       | 4 |  4.0

Action                   |  1- 3 |  4- 6 || total
-------------------------+-------+-------++-------
Melee: Flail             |    98 |   226 ||   324
  Use: Potion            |     2 |     1 ||     3
       Scroll            |       |     8 ||     8
  Eat: Chunk             |     8 |     9 ||    17
Armor: Scale mail        |    46 |    94 ||   140
Dodge: Dodged            |    56 |    97 ||   153
Block: Shield            |    60 |   154 ||   214
